General information
			
			
        
        - name: jay2
 
        - type: Custom game
 
        - host: TALONSAREIMBA
 
        - saver: TALONSAREIMBA
 
        
map: TerenasStand 
        - players: 2
 
        - length: 15:17
 
        - speed: Fast
 - version: 1.22 W3XP
 - replay type:  Public
 
» download(122 KB)
Players
        team 1 (loser) 
              
              
TALONSAREIMBA (
pink | 145 APM | 2223 actions | 15:17)
              
 3 Demon Hunter 
 2 Mana Burn
 1 Evasion
 2 Pandaren Brewmaster 
 1 Breath of Fire
 1 Drunken Haze
 
                » actions 
                
                | Assign group hotkey | 19 |  | 
| Basic commands | 107 |  | 
| Build / train | 48 |  | 
| ESC pressed | 2 |  | 
| Enter build submenu | 13 |  | 
| Enter hero's abilities submenu | 5 |  | 
| Give item / drop item | 1 |  | 
| Remove unit from queue | 1 |  | 
| Right click | 1131 |  | 
| Select / deselect | 483 |  | 
| Select group hotkey | 358 |  | 
| Use ability | 55 |  | 
                2223 total
 » units 
                
                | Wisp | 13 |  | 
| Archer | 1 |  | 
| Huntress | 5 |  | 
| Dryad | 5 |  | 
| Druid of the Claw | 4 |  | 
                28 total
 » upgrades
                
                | Abolish Magic | 1 |  | 
| Druid of the Claw Training | 2 |  | 
| Mark of the Claw | 1 |  | 
                4 total
 » buildings
                
                | Altar of Elders | 1 |  | 
| Moon Well | 6 |  | 
| Ancient of War | 1 |  | 
| Hunter's Hall | 1 |  | 
| Tree of Ages | 1 |  | 
| Ancient of Lore | 2 |  | 
| Tree of Eternity | 1 |  | 
| Ancient of Wonders | 1 |  | 
                14 total
 » build order
                00:04 Altar of Elders
00:07 Moon Well
01:20 Ancient of War
01:44 Hunter's Hall
02:00 Moon Well
03:11 Tree of Ages
03:16 Moon Well
03:24 Moon Well
05:51 Ancient of Lore
05:55 Ancient of Lore
06:56 Tree of Eternity
08:03 Ancient of Wonders
08:54 Moon Well
10:21 Moon Well
» items
                
                | Boots of Speed | 1 |  | 
| Staff of Preservation | 1 |  | 
| Scroll of Town Portal | 2 |  | 
| Orb of Venom | 1 |  | 
| Lesser Clarity Potion | 1 |  | 
                6 total
  
               team 2 (winner) 
              
              
IPRACTICE2SUCK (
blue | 211 APM | 3224 actions | 15:17)
              
 3 Blademaster 
 2 Wind Walk
 1 Critical Strike
 3 Shadow Hunter 
 1 Hex
 2 Healing Wave
 
                » actions 
                
                | Assign group hotkey | 37 |  | 
| Basic commands | 25 |  | 
| Build / train | 70 |  | 
| Enter build submenu | 18 |  | 
| Enter hero's abilities submenu | 6 |  | 
| Give item / drop item | 2 |  | 
| Remove unit from queue | 4 |  | 
| Right click | 1300 |  | 
| Select / deselect | 359 |  | 
| Select group hotkey | 1276 |  | 
| Use ability | 127 |  | 
                3224 total
 » units 
                
                | Peon | 8 |  | 
| Grunt | 6 |  | 
| Raider | 3 |  | 
| Kodo Beast | 4 |  | 
| Spirit Walker | 1 |  | 
                22 total
 » upgrades
                
                | Berserker Strength | 1 |  | 
| Ensnare | 1 |  | 
                2 total
 » buildings
                
                | Altar of Storms | 1 |  | 
| Orc Burrow | 5 |  | 
| Barracks | 2 |  | 
| Voodoo Lounge | 3 |  | 
| Stronghold | 4 |  | 
| Beastiary | 2 |  | 
| War Mill | 1 |  | 
| Spirit Lodge | 2 |  | 
| Great Hall | 1 |  | 
                21 total
 » build order
                00:05 Altar of Storms
00:17 Orc Burrow
00:34 Barracks
01:35 Orc Burrow
01:53 Voodoo Lounge
03:12 Stronghold
03:12 Stronghold
03:12 Stronghold
03:12 Stronghold
04:45 Orc Burrow
05:57 Beastiary
06:04 Beastiary
08:19 Barracks
08:21 Voodoo Lounge
08:24 Voodoo Lounge
08:51 Orc Burrow
10:04 War Mill
10:07 Orc Burrow
11:06 Spirit Lodge
13:05 Spirit Lodge
13:43 Great Hall
» items
                
                | Healing Salve | 6 |  | 
| Lesser Clarity Potion | 5 |  | 
| Boots of Speed | 2 |  | 
| Circlet of Nobility | 1 |  | 
| Scroll of Speed | 2 |  | 
| Scroll of Town Portal | 2 |  | 
| Scroll of Healing | 1 |  | 
| Potion of Healing | 1 |  | 
                20 total
  
                Chat log
          (00:29 / All) IPRACTICE2SUCK: lglglg
(00:37 / All) TALONSAREIMBA: Im seeing this girl now
(00:39 / All) TALONSAREIMBA: officially
(00:44 / All) IPRACTICE2SUCK: whats her name
(00:47 / All) TALONSAREIMBA: Nicole
(00:53 / All) IPRACTICE2SUCK: whats her job
(01:02 / All) TALONSAREIMBA: shes a student
(01:03 / All) TALONSAREIMBA: she works part time
(01:06 / All) TALONSAREIMBA: at some grocery store
(01:14 / All) IPRACTICE2SUCK: good.
(01:23 / All) TALONSAREIMBA: already fucked up
(01:23 / All) TALONSAREIMBA: lol
(01:31 / All) IPRACTICE2SUCK: how
(01:35 / All) TALONSAREIMBA: late aow
(01:48 / All) TALONSAREIMBA: now i gotta change to hunt
(02:00 / All) IPRACTICE2SUCK: good.
(02:29 / All) TALONSAREIMBA: not good at anything but ud
(02:32 / All) TALONSAREIMBA: such a curse
(03:46 / All) TALONSAREIMBA: asdas
(03:46 / All) TALONSAREIMBA: d
(03:46 / All) TALONSAREIMBA: asda
(15:09 / All) TALONSAREIMBA: yeah gg
(15:12 / All) TALONSAREIMBA: dont know how to play 
(15:13 / All) IPRACTICE2SUCK: g
(15:13 / All) TALONSAREIMBA: ne
(15:14 / All) IPRACTICE2SUCK: G